 Dungeon Crawl Stone Soup version 0.30-a0-6-g7c9e10e132 (webtiles) character file.

Game seed: 1685927371430660448

1521 SensoryNuts the Poker (level 8, -2/99 HPs)
             Began as a Demigod Fighter on Aug 22, 2022.
             Succumbed to a water moccasin's poison
             ... on level 5 of the Dungeon.
             The game lasted 00:07:51 (6260 turns).

SensoryNuts the Poker (Demigod Fighter)             Turns: 6260, Time: 00:07:52

Health: -2/99      AC: 31    Str: 22 (25) XL:     8   Next: 29%
Magic:  10/10      EV:  2    Int:  7 (10) God:
Gold:   236        SH:  0    Dex: 12 (13) Spells: 7/7 levels left

rFire   . . .      SeeInvis .    d - +2 scythe (protect)
rCold   . . .      Faith    .    (shield currently unavailable)
rNeg    . . .      Spirit   .    (body armour currently unavailable)
rPois   +          Reflect  .    (helmet currently unavailable)
rElec   .          Harm     .    (cloak currently unavailable)
rCorr   .          Rampage  .    (gloves currently unavailable)
Will    .....      NoTele   +    (boots currently unavailable)
Stlth   ++........               (no amulet)
HPRegen 0.26/turn                (no ring)
MPRegen 0.12/turn                (no ring)

@: lethally poisoned (-2 -> -11), tree-form, under a protective aura
A: stationary, stasis, torment immunity, boosted hp, high MP 1, forlorn, divine
attributes, mutation resistance 1, subdued magic 1
a: no special abilities


You were on level 5 of the Dungeon.
You were a tree.
You visited 1 branch of the dungeon, and saw 5 of its levels.

You collected 236 gold pieces.

Inventory:

Hand Weapons
 a - a +0 war axe
 d - a +2 scythe of protection (weapon)
Missiles
 f - a throwing net (quivered)
Armour
 b - a +1 scale mail (melded)
 c - a +0 buckler
Scrolls
 e - a scroll of enchant weapon
 h - 4 scrolls of teleportation
 j - 2 scrolls of noise
 l - a scroll of fear
Potions
 g - 2 potions of lignification
 m - a potion of degeneration


   Skills:
 + Level 3.9 Fighting
 - Level 4.0(6.0) Axes
 * Level 6.9(7.4) Polearms
 + Level 4.5 Armour
 + Level 1.9 Dodging
 + Level 1.7 Stealth
 + Level 2.9 Shields


You had 7 spell levels left.
You didn't know any spells.
Your spell library contained the following spells:

 Spells                   Type           Power      Damage    Failure   Level
 Sting                    Tmut/Pois      0%         1d3       38%         1
 Poisonous Vapours        Pois/Air       0%         N/A       52%         2
 Static Discharge         Conj/Air       0%         3-3/arc   52%         2
 Olgreb's Toxic Radiance  Pois           0%         N/A       99%         4
 Lightning Bolt           Conj/Air       0%         1d11      100%        5
 Maxwell's Capacitive Co  Air            0%         ∞         100%        8


Dungeon Overview and Level Annotations

Branches:
Dungeon (5/15)
 Temple: D:4-7

Shops:
D:3 [   D:4 (


Innate Abilities, Weirdness & Mutations

You are a tree.
Your roots penetrate the ground, keeping you stationary.
You cannot be teleported.
You are immune to unholy pain and torment.
Your maximum health is greatly increased.
Your equipment is partially melded.
You have an increased reservoir of magic. (+10% MP)
You shall have no god before yourself.
Your divine heritage dramatically boosts your attributes as you level up.
You are somewhat resistant to further mutation.
Your spells are a little easier to cast, but a little less powerful.


Message History

You are too injured to fight recklessly!
Unknown command.
Okay, then.
You miss the water moccasin.
The water moccasin is heavily wounded.
You feel very sick. The water moccasin closely misses you.
The water moccasin bites you.
You are lethally poisoned!
The water moccasin poisons you!
You barely miss the water moccasin.
The water moccasin is heavily wounded.
* * * LOW HITPOINT WARNING * * *
You feel extremely sick. The water moccasin barely misses you.
Unknown command.
Really quaff the potion of lignification?
You turn into a tree.
Your +1 scale mail melds into your body.
Your roots penetrate the ground.
* * * LOW HITPOINT WARNING * * *
You feel very sick.
The water moccasin bites you but does no damage. x2
You slash the water moccasin!
Your weapon exudes an aura of protection.
The water moccasin is severely wounded.
* * * LOW HITPOINT WARNING * * *
You feel very sick. The water moccasin barely misses you.
You puncture the water moccasin!
You kill the water moccasin!
* * * LOW HITPOINT WARNING * * *
You feel very sick.
The jackal bites you but does no damage.
You feel your dexterity returning.
You miss the jackal.
* * * LOW HITPOINT WARNING * * *
You feel very sick.
The jackal bites you but does no damage.
You barely miss the jackal.
You die...

#....##.# #.....
#.(..##.# ##....
#######.# #.#.# #.#
#.... #.# #.#.# . #.#
#####.#.# ...
##.###...#.#.#
.....######........#.#.#
.....hh♣..'........+.#..
..>..######........#####
### #.............
#.......÷#####
#.....##.# # ##.#####.#
#.....#.# #####)..#
##..##


You could see 2 jackals.

Vanquished Creatures
  Sigmund (D:2)
  A water moccasin (D:5)
  A sky beast (D:4)
  2 ogres (D:5)
  2 phantoms (D:4)
  A kobold brigand (D:5)
  A scorpion (D:5)
  A howler monkey (D:5)
  A quasit (D:4)
  3 hounds
  3 orc priests
  5 orc wizards
  3 iguanas (D:5)
  7 gnolls
  3 adders
  5 shadow imps
  5 white imps
  3 ufetubi
  4 worms
  A dart slug (D:1)
  12 orcs
  9 endoplasms
  2 giant cockroaches
  2 goblins
  5 hobgoblins
  A jackal (D:5)
  9 kobolds
  2 quokkas
  4 ball pythons
  6 bats
  5 frilled lizards
  2 rats
112 creatures vanquished.

Vanquished Creatures (others)
  7 demonic plants (D:4)
7 creatures vanquished.

Grand Total: 119 creatures vanquished

Notes
Turn   | Place    | Note
-------+----------+-------------------------------------------
     0 | D:1      | SensoryNuts the Demigod Fighter began the quest for the
                  | Orb.
     0 | D:1      | Reached XP level 1. HP: 18/18 MP: 3/3
   383 | D:1      | Reached XP level 2. HP: 25/25 MP: 4/4
   586 | D:1      | Noticed a rust devil
  1284 | D:2      | Noticed Sigmund
  1295 | D:2      | HP: 1/25 [Sigmund/+2 scythe of protection (9)]
  1296 | D:2      | Gained mutation: Your spells are a little easier to cast,
                  | but a little less powerful. [potion of mutation]
  1296 | D:2      | Gained mutation: You are somewhat resistant to further
                  | mutation. [potion of mutation]
  1299 | D:2      | Killed Sigmund
  1300 | D:2      | Reached XP level 3. HP: 2/31 MP: 5/5
  1300 | D:2      | Reached XP level 4. HP: 2/38 MP: 6/6
  1300 | D:2      | Reached XP level 5. HP: 3/45 MP: 7/7
  2728 | D:3      | Reached skill level 1 in Polearms
  2737 | D:3      | Reached skill level 1 in Stealth
  3089 | D:3      | Found Joxissy's Antique Armour Emporium.
  3420 | D:3      | Reached skill level 2 in Polearms
  3420 | D:3      | Reached XP level 6. HP: 45/51 MP: 8/8
  3475 | D:4      | Reached skill level 3 in Polearms
  4014 | D:3      | HP: 2/51 [poisoned by an adder]
  4526 | D:4      | Reached skill level 1 in Dodging
  4769 | D:4      | Reached XP level 7. HP: 53/57 MP: 9/9
  4957 | D:4      | Reached skill level 4 in Polearms
  5017 | D:4      | Found Gocy's Weapon Boutique.
  5447 | D:5      | Entered Level 5 of the Dungeon
  5558 | D:5      | Reached skill level 5 in Polearms
  5851 | D:5      | Reached skill level 6 in Polearms
  5851 | D:5      | Reached XP level 8. HP: 66/66 MP: 10/10
  6258 | D:5      | HP: 4/99 [poisoned by a water moccasin]
  6259 | D:5      | HP: 1/99 [poisoned by a water moccasin]
  6260 | D:5      | Succumbed to a water moccasin's poison

Illustrated notes

Levels and vault maps discovered:
D:1:      minmay_arrival_five_plusses, layout_loops_ring,
          dreamdust_ecumenical_altar_sealed_demon, minmay_parallelograms
D:2:      layout_basic, uniq_sigmund
D:3:      layout_loops_corners, nicolae_dithmenos_shadow_blocks,
          mainiacjoe_overflow_concentric_impassable, serial_shops,
          nicolae_shop_overgrown_old_shop
D:4:      layout_cave_pools, lightli_temple_of_fire, kennysheep_mini,
          serial_shops, shop, nicolae_ossuary_entry_plus, serial_demonic,
          serial_demonic_b, serial_demonic_f, serial_demonic_g,
          serial_demonic_e, serial_demonic_f, serial_demonic_f,
          serial_demonic_g, serial_demonic_c, serial_demonic_d,
          serial_demonic_c, roderic_serpentine_path, grunt_ministairs_14,
          hex_tiny
D:5:      layout_basic, due_unseen_surprise

Skill      XL: |  1  2  3  4  5  6  7 |
---------------+----------------------+-----
Axes           | 2 3 4 |  4.0
Armour         | 3 4 |  4.5
Fighting       | 3 |  3.9
Polearms       | 2 3 6 |  6.9
Stealth        | 1 |  1.7
Dodging        | 1 |  1.9
Shields        | |  2.9

Action                   |  1- 3 |  4- 6 |  7- 9 || total
-------------------------+-------+-------+-------++-------
Melee: War axe           |    74 |     7 |       ||    81
       Halberd           |       |   186 |   213 ||   399
  Use: Potion            |     4 |     1 |     4 ||     9
       Scroll            |       |     5 |     3 ||     8
Armor: Scale mail        |    27 |   150 |    79 ||   256
       Skin              |       |       |    36 ||    36
Dodge: Dodged            |    38 |   148 |    96 ||   282
Block: Buckler           |    18 |     1 |       ||    19

Table legend: (Time is in decaauts)
 A = Elapsed time spent in this place.
 B = Non-inter-level travel time spent in this place.
 C = Inter-level travel time spent in this place.
 D = Time resting spent in this place.
 E = Time spent auto-exploring this place.
 F = Levels seen in this place.
 G = Mean time per level.
                   A        B        C        D        E       F      G
               +--------+--------+--------+--------+--------+-----+--------+
         Total |   6408 |   6229 |    179 |      0 |   5112 |   5 | 1281.6 |
       Dungeon |   6408 |   6229 |    179 |      0 |   5112 |   5 | 1281.6 |
               +--------+--------+--------+--------+--------+-----+--------+

Top non-repeatable levels by time:
     D:3: 2039 daAuts
     D:4: 1317 daAuts
     D:2: 1251 daAuts
     D:1: 948 daAuts
     D:5: 850 daAuts
